 Dungeon Crawl Stone Soup version 0.27.1-34-g3ba077fa99 (webtiles) character file.

Game seed: 7998043505601679799

626 mtoz the Nimble (level 7, 0/35 HPs)
             Began as a Felid Berserker on Jan 7, 2022.
             Was an Initiate of Gozag.
             Succumbed to a killer bee's poison
             ... on level 6 of the Dungeon on Jan 8, 2022.
             The game lasted 00:33:11 (6839 turns).

mtoz the Nimble (Felid Berserker)                   Turns: 6839, Time: 00:33:12

Health: 0/35       AC:  6    Str: 21    XL:     7   Next: 23%
Magic:  8/8        EV: 22    Int:  9    God:    Gozag
Gold:   388        SH:  0    Dex: 15    Spells: 6/6 levels left
                                        Lives:  0   Deaths: 2

rFire    . . .     SeeInvis +     - Unarmed
rCold    . . .     Faith    .   (shield unavailable)
rNeg     . . .     Spirit   .   (armour unavailable)
rPois    .         Reflect  .   (helmet unavailable)
rElec    .         Harm     .   (cloak unavailable)
rCorr    .         Rampage  .   (gloves unavailable)
Will     +....                  (boots unavailable)
Stlth    +.........             r - amulet of the acrobat
HPRegen  0.11/turn              j - +6 ring of strength
MPRegen  0.11/turn              t - +4 ring of protection

@: lethally poisoned (0 -> -17), quick
A: very small, claws 1, fangs 3, see invisible, speed 1, shaggy fur 2, stealthy
paws, no weapons or thrown items, no armour, multi-lived
a: Renounce Religion, Potion Petition, Call Merchant, Bribe Branch


You were on level 6 of the Dungeon.
You worshipped Gozag.
Gozag was aware of your devotion.
You visited 2 branches of the dungeon, and saw 8 of its levels.

You collected 458 gold pieces.
You paid 70 gold pieces to Gozag.

Inventory:

Jewellery
 j - a +6 ring of strength (left paw)
 l - a +6 ring of strength
 r - an amulet of the acrobat (around neck)
 t - a +4 ring of protection (right paw)
Wands
 c - a wand of mindburst (9)
Scrolls
 a - a scroll of identify
 b - a scroll of teleportation
 e - 2 scrolls of magic mapping
 f - a scroll of silence
 k - a scroll of fear
 q - 2 scrolls of acquirement
 w - a scroll of torment {unknown}
 x - a scroll of vulnerability {unknown}
Potions
 n - a potion of curing


   Skills:
 + Level 6.8 Fighting
 + Level 9.0 Dodging
 + Level 6.8 Unarmed Combat


You had 6 spell levels left.
You didn't know any spells.
Your spell library contained the following spells:

 Spells                   Type           Power      Damage    Failure   Level
 Animate Skeleton         Necr           0%         N/A       38%         1
 Apportation              Tloc           0%         N/A       38%         1
 Corona                   Hex            0%         N/A       38%         1
 Freeze                   Ice            0%         1d3       38%         1
 Pain                     Necr           0%         1d4       38%         1
 Summon Small Mammal      Summ           0%         N/A       38%         1
 Frozen Ramparts          Ice            0%         1d2       77%         3
 Vampiric Draining        Necr           0%         2d6       77%         3
 Hailstorm                Conj/Ice       0%         3d3       99%         4


Dungeon Overview and Level Annotations

Branches:
Dungeon (7/15)             Temple (1/1) D:5

Altars:
Cheibriados
Dithmenos
Elyvilon
Fedhas
Gozag
Hepliaklqana
Kikubaaqudgha
Makhleb
Sif Muna
Trog
Uskayaw
Wu Jian
Xom
Zin
The Shining One

Shops:
D:4 [[*(*


Innate Abilities, Weirdness & Mutations

You have sharp claws.
You have razor-sharp teeth.
You have supernaturally acute eyesight. (SInv)
You cover ground quickly. (Speed+)
You are covered in thick fur. (AC +2)
Your paws help you pounce on unaware monsters.
You are incapable of wielding weapons or throwing items.
You cannot wear armour.
You gain extra lives every three experience levels.


Message History

You feel sick. The killer bee completely misses you.
You feel sick.
You are no longer poisoned.
The killer bee misses you. The killer bee completely misses you.
The killer bee completely misses you. The killer bee completely misses you.
There is a stone staircase leading up here.
The killer bee misses you. The killer bee barely misses you.
The killer bee misses you. The killer bee completely misses you.
You climb upwards.
There is a stone staircase leading down here.
You miss the killer bee. The killer bee barely misses you.
The killer bee completely misses you. x2
You barely miss the killer bee. The killer bee closely misses you. x2
The killer bee stings you but does no damage.
You miss the killer bee. The killer bee closely misses you.
The killer bee stings you! The killer bee closely misses you.
The killer bee barely misses you.
You are too injured to fight recklessly!
You are too injured to fight recklessly!
You are too injured to fight recklessly!
You closely miss the killer bee.
You bite the killer bee, but do no damage.
The killer bee closely misses you. The killer bee barely misses you. x2
You miss the killer bee. You bite the killer bee.
The killer bee is moderately wounded.
The killer bee stings you.
* * * LOW HITPOINT WARNING * * *
You are lethally poisoned!
The killer bee poisons you! The killer bee stings you.
* * * LOW HITPOINT WARNING * * *
You are more poisoned.
The killer bee poisons you! The killer bee completely misses you.
The killer bee stings you.
* * * LOW HITPOINT WARNING * * *
You scratch the killer bee. Your bite misses the killer bee.
The killer bee is heavily wounded.
You die...
Your body crumbles into a pile of gold.

# ###### ### ####
#....# #.# #... #....#
#.# ####.## #....# #.#
##....## #....# #y#
#..####. #....# #@#
##.####.. #..<.# #y#
##..###... ##..## #.#
###..###.... #.)#
#.#####...###..... #..#
##.#).[........#...
###(.#
###.[))#[..#######...
#..[)#######...)###.###
#..(
#....##....[.##..#..###
##..
#.......#######.......#
##.


You could see 2 killer bees.

Vanquished Creatures
  Sigmund (D:4)
  A steam dragon (D:6)
  2 orc warriors (D:6)
  3 black bears
  A necrophage (D:6)
  2 ogres
  2 centaurs
  A scorpion (D:6)
  2 howler monkeys
  A hound (D:6)
  A jelly (D:4)
  An orc priest (D:6)
  An orc wizard (D:5)
  4 gnolls (D:4)
  4 adders
  A white imp (D:7)
  A worm (D:3)
  4 dart slugs
  16 orcs
  9 ball pythons
  3 endoplasms
  3 giant cockroaches
  6 goblins
  6 hobgoblins
  3 jackals (D:3)
  2 kobolds (D:1)
  4 quokkas
  5 bats
  2 frilled lizards
  6 rats
98 creatures vanquished.

Vanquished Creatures (others)
  A fungus (D:2)
1 creature vanquished.

Grand Total: 99 creatures vanquished

Notes
Turn   | Place    | Note
-------+----------+-------------------------------------------
     0 | D:1      | mtoz the Felid Berserker began the quest for the Orb.
     0 | D:1      | Reached XP level 1. HP: 10/10 MP: 2/2
   517 | D:1      | Reached XP level 2. HP: 10/14 MP: 3/3
  1811 | D:2      | Reached XP level 3. HP: 16/17 MP: 4/4
  1828 | D:2      | Found a faded altar of an unknown god.
  2479 | D:2      | Reached ** piety under Trog
  2885 | D:3      | Reached skill level 5 in Dodging
  3015 | D:3      | Reached XP level 4. HP: 17/22 MP: 5/5
  3697 | D:4      | Reached XP level 5. HP: 16/25 MP: 6/6
  3714 | D:4      | Noticed an ogre
  3865 | D:4      | Found Veneajoe's Antique Armour Boutique.
  4083 | D:4      | Found Aqip's Antique Weapon Emporium.
  4085 | D:4      | Found Zaris's General Store.
  4137 | D:4      | Killed an ogre
  4138 | D:4      | Reached skill level 6 in Dodging
  4138 | D:4      | Gained mutation: You are covered in thick fur. (AC +2)
                  | [Felid growth]
  4138 | D:4      | Reached XP level 6. HP: 27/29 MP: 7/7
  4157 | D:4      | Found Nyutsell's Antique Armour Emporium.
  4420 | D:4      | Noticed Sigmund
  4422 | D:4      | Found Pingam's General Store.
  4431 | D:4      | Killed Sigmund
  4432 | D:4      | Reached skill level 5 in Fighting
  4432 | D:4      | Reached skill level 5 in Unarmed Combat
  4432 | D:4      | Reached XP level 7. HP: 29/33 MP: 8/8
  4801 | D:5      | Entered Level 5 of the Dungeon
  4903 | D:5      | Reached skill level 7 in Dodging
  4922 | D:5      | Found a hide-covered altar of Uskayaw.
  5193 | D:5      | Found a staircase to the Ecumenical Temple.
  5236 | D:5      | Found a glowing silver altar of Zin.
  5331 | Temple   | Entered the Ecumenical Temple
  5519 | Temple   | Fell from the grace of Trog
  5519 | Temple   | Became a worshipper of Gozag Ym Sagoz the Greedy
  5773 | D:6      | Reached skill level 8 in Dodging
  5793 | D:6      | HP: 1/34 [orc warrior (12)]
  5794 | D:6      | Killed from afar by an orc priest
  5795 | D:6      | Reached XP level 6. HP: -9/31 MP: 7/7
  5843 | D:6      | Reached XP level 7. HP: 32/34 MP: 8/8
  6150 | D:6      | Noticed a steam dragon
  6196 | D:6      | Killed from afar by a steam dragon
  6197 | D:6      | Reached XP level 6. HP: -11/31 MP: 7/7
  6204 | D:6      | Killed a steam dragon
  6205 | D:6      | Reached XP level 7. HP: 28/35 MP: 8/8
  6299 | D:6      | Reached skill level 9 in Dodging
  6400 | D:6      | Noticed a polar bear
  6400 | D:6      | Noticed a polar bear
  6400 | D:6      | Noticed a polar bear
  6571 | D:5      | Identified a scroll of acquirement
  6722 | D:6      | Found a glowing golden altar of the Shining One.
  6839 | D:6      | Succumbed to a killer bee's poison

Illustrated notes

Levels and vault maps discovered:
D:1:      lightli_arrival_lavapool, layout_loops_corners
D:2:      layout_basic, shapermc_ecumenical_altar_mp_urbaneastern
D:3:      layout_basic
D:4:      layout_basic, serial_shops, shop, nicolae_inconvenience_store, shop,
          shop, nicolae_shop_statue_plus, uniq_sigmund
D:5:      layout_cave_pools, mainiacjoe_overflow_alcove_4,
          nicolae_uskayaw_dance_hall, minmay_temple_entry_fiery
D:6:      layout_rooms, tso_oasis_becter
D:7:      layout_rooms, gammafunk_temple_overflow_pools, kennysheep_mini_moat,
          gammafunk_ghost_gnarly_gnolls, enter_ossuary_1
Temple:   minmay_temple_bridge_abc

Skill      XL: |  1  2  3  4  5  6  7 |
---------------+----------------------+-----
Dodging        | 5 6 9 |  9.0
Fighting       | 4 5 6 |  6.8
Unarmed Combat | 4 5 6 |  6.8

Action                   |  1- 3 |  4- 6 |  7- 9 || total
-------------------------+-------+-------+-------++-------
Melee: Unarmed           |   126 |    72 |   118 ||   316
       Bite              |     7 |    13 |    23 ||    43
       Punch             |     2 |       |     4 ||     6
Invok: Berserk           |     1 |     1 |       ||     2
       Trog's Hand       |       |     1 |       ||     1
  Use: Scroll            |     2 |     3 |     6 ||    11
       Potion            |       |       |     8 ||     8
 Stab: Sleeping          |     2 |     1 |     1 ||     4
Armor: Skin              |     7 |     4 |    25 ||    36
Dodge: Dodged            |   104 |    68 |   131 ||   303
